[Event "fics rated crazyhouse match"]
[Site "fics, Oklahoma City, OK USA"]
[Date "2000.02.11"]
[White "Ebenfelt"]
[WhiteElo "2254"]
[Black "Kingwalker"]
[BlackElo "2201"]
[TimeControl "180+0"]
[Result "1-0"]

1. e4 e6 2. d4 Nc6 3. Nc3 Bb4 4. Nf3 d6 5. Bd3 Qe7 6. O-O 
Nf6 7. Bg5 Bxc3 8. bxc3 e5 9. dxe5 dxe5 10. Bc4 h6 11. Bxf6 Qxf6 
12. N@d5 Qd8 13. P@e7 Qd6 14. B@b4 P@c5 15. Bxc5 Qxc5 16. Nxc7+ Kxe7 17. P@d6+ 
Kd7 18. Nxa8 B@h5 19. R@c7+ Ke8 20. Rxc8+ B@d8 21. d7+ Ke7 22. B@d6+ Qxd6 
23. Qxd6+ Kxd6 24. P@c5+ Kxd7 25. Rxd8+ Rxd8 26. Q@d6# 
{Kingwalker resigns} 1-0

[Event "fics rated crazyhouse match"]
[Site "fics, Oklahoma City, OK USA"]
[Date "2000.02.11"]
[White "venomous"]
[WhiteElo "2392"]
[Black "XXNoWay"]
[BlackElo "2363"]
[TimeControl "60+0"]
[Result "1-0"]

1. b3 e6 2. Bb2 Nf6 3. Nf3 Be7 4. e3 O-O 5. Nc3 Nc6 6. Be2 
d5 7. O-O Bd7 8. d3 Ng4 9. Nd4 Nxd4 10. Bxg4 Nf5 11. Ne2 Bf6 
12. Bxf6 Qxf6 13. B@c3 e5 14. Bxf5 Bxf5 15. Ng3 B@g4 16. f3 Bh3 17. Nxf5 
Bxf5 18. N@g3 B@h4 19. Nxf5 d4 20. Nxh4 dxc3 21. B@g3 B@g5 22. N@f4 exf4 
23. exf4 Bxh4 24. Bxh4 Qxh4 25. B@g5 Qh5 26. B@g4 Qg6 27. P@f5 Qb6+ 28. B@f2 
B@c5 29. Bxc5 Qxc5+ 30. B@f2 Qd6 31. f6 N@d4 32. fxg7 N@e2+ 33. Qxe2 Nxe2+ 
34. Kh1 N@g3+ 35. hxg3 Nxg3+ 36. Bxg3 Q@h6+ 37. Bxh6 Qxh6+ 38. N@h5 
{XXNoWay resigns} 1-0

[Event "fics rated crazyhouse match"]
[Site "fics, Oklahoma City, OK USA"]
[Date "2000.02.11"]
[White "XXNoWay"]
[WhiteElo "2356"]
[Black "venomous"]
[BlackElo "2399"]
[TimeControl "60+0"]
[Result "1-0"]

1. e4 e6 2. Nc3 b6 3. Nf3 Bb7 4. d4 Nf6 5. Bd3 Bb4 6. Qe2 
d5 7. e5 Ne4 8. O-O Bxc3 9. bxc3 Nxc3 10. B@h4 P@e7 11. Bcg5 Nxe2+ 
12. Bxe2 Nc6 13. Bb5 N@e4 14. Bxe7 Qxe7 15. Bxe7 Kxe7 16. Bxc6 Bxc6 17. N@b4 
B@b5 18. Nxc6+ Bxc6 19. P@f6+ gxf6 20. exf6+ Nxf6 21. B@g5 N@e4 22. P@e5 B@g7 
23. exf6+ Nxf6 24. N@e5 B@e8 25. Nxc6+ Bxc6 26. N@e5 Q@e8 27. Nxc6+ Qxc6 28. B@e5 
N@e4 29. B@h4 N@e8 30. Bexf6+ N4xf6 31. N@e5 Qxc2 32. Bxf6+ Nxf6 33. N@c6+ Kf8 
34. Q@e7+ Kg8 35. Qxf7# 
{venomous checkmated} 1-0

[Event "fics rated crazyhouse match"]
[Site "fics, Oklahoma City, OK USA"]
[Date "2000.02.11"]
[White "Kingwalker"]
[WhiteElo "2194"]
[Black "Ebenfelt"]
[BlackElo "2261"]
[TimeControl "180+0"]
[Result "0-1"]

1. e4 e5 2. Nf3 Bc5 3. Bc4 Nc6 4. c3 Nf6 5. d4 exd4 6. cxd4 
Bxd4 7. Nxd4 Nxd4 8. Bxf7+ Kxf7 9. B@b3+ Nxb3 10. Qxb3+ d5 11. Nd2 P@c4 
12. Qc3 P@d4 13. Qg3 N@c2+ 14. Kd1 Nxa1 15. N@e5+ Kf8 16. P@h6 B@c2+ 17. Ke1 
R@d1+ 18. Ke2 B@d3+ 19. Kf3 Bxe4+ 20. Kf4 Nh5# 
{Kingwalker checkmated} 0-1

[Event "fics rated crazyhouse match"]
[Site "fics, Oklahoma City, OK USA"]
[Date "2000.02.11"]
[White "venomous"]
[WhiteElo "2390"]
[Black "XXNoWay"]
[BlackElo "2365"]
[TimeControl "60+0"]
[Result "1-0"]

1. b3 e5 2. Bb2 d6 3. Nf3 Nf6 4. e3 Nc6 5. d4 e4 6. Nfd2 
d5 7. Nc3 Bb4 8. Be2 O-O 9. O-O Bxc3 10. Bxc3 N@h4 11. B@g5 Nxg2 
12. Kxg2 P@f3+ 13. Nxf3 exf3+ 14. Bxf3 N@e4 15. Bxe4 dxe4 16. f3 B@h3+ 17. Kg1 
exf3 18. Qxf3 Bcg4 19. Qf2 Bxf1 20. Rxf1 R@f3 21. Qxf3 Bxf3 22. Rxf3 P@g4 
23. Rf2 Nxd4 24. Bxd4 Ne4 25. Bxd8 Raxd8 26. N@h6# 
{XXNoWay resigns} 1-0

[Event "fics rated crazyhouse match"]
[Site "fics, Oklahoma City, OK USA"]
[Date "2000.02.11"]
[White "XXNoWay"]
[WhiteElo "2358"]
[Black "venomous"]
[BlackElo "2397"]
[TimeControl "60+0"]
[Result "0-1"]

1. e4 e6 2. Nc3 Nc6 3. Bb5 Nf6 4. Nf3 d5 5. e5 Ne4 6. Bxc6+ 
bxc6 7. O-O Ba6 8. d3 Nxc3 9. bxc3 B@h5 10. N@g3 Bxf3 11. Qxf3 N@g6 
12. B@g5 Be7 13. Bxe7 Qxe7 14. B@g5 Nxe5 15. Qe2 P@f6 16. Qxe5 fxg5 17. Bxg5 
B@f6 18. Bxf6 gxf6 19. N@g7+ Kd8 20. N7h5 B@h4 21. Qe3 B@b6 22. d4 Rg8 
23. N@f5 exf5 24. Qxe7+ Kxe7 25. Nxf5+ Kd7 26. Q@e7+ Kc8 27. P@d7+ Kb7 28. d8=Q 
N@h3+ 29. Kh1 Q@g1# 
{XXNoWay resigns} 0-1

[Event "fics rated crazyhouse match"]
[Site "fics, Oklahoma City, OK USA"]
[Date "2000.02.11"]
[White "Ebenfelt"]
[WhiteElo "2267"]
[Black "Kingwalker"]
[BlackElo "2188"]
[TimeControl "180+0"]
[Result "1-0"]

1. e4 e6 2. d4 Nf6 3. Nc3 Bb4 4. Bd3 d5 5. exd5 Nxd5 6. Bd2 
Bxc3 7. bxc3 P@f5 8. Nf3 Nc6 9. O-O h6 10. Ne5 Nxe5 11. dxe5 N@g4 
12. N@h5 Qh4 13. Nxg7+ Kf8 14. B@g3 N@h3+ 15. gxh3 Qxh3 16. P@g2 Qxg2+ 17. Kxg2 
P@h3+ 18. Kxh3 Kxg7 19. N@h5+ Kf8 20. Q@d8+ N@e8 21. P@g7+ Kg8 22. Qxe8+ Kh7 
23. Qxh8+ Kg6 24. Qxg4+ P@g5 25. N@f8# 
{Kingwalker checkmated} 1-0

[Event "fics rated crazyhouse match"]
[Site "fics, Oklahoma City, OK USA"]
[Date "2000.02.11"]
[White "venomous"]
[WhiteElo "2404"]
[Black "XXNoWay"]
[BlackElo "2351"]
[TimeControl "60+0"]
[Result "0-1"]

1. e4 Nf6 2. Nf3 d6 3. d3 Bg4 4. Bg5 Nc6 5. Be2 e5 6. O-O 
Be7 7. Nc3 O-O 8. h3 Bxf3 9. Bxf3 Nd4 10. B@h4 h6 11. Bxf6 Bxf6 
12. Bxf6 Qxf6 13. B@e2 Nxe2+ 14. Bxe2 N@f4 15. N@d5 Qg5 16. Nxf4 exf4 17. N@f3 
Qf6 18. Nd5 Qxb2 19. Rb1 Qxa2 20. Rxb7 P@g3 21. P@f6 gxf2+ 22. Rxf2 B@g3 
23. fxg7 Bxf2+ 24. Kxf2 B@e3+ 25. Kf1 R@f2+ 26. Kg1 Rxf3+ 27. Kh2 B@g3+ 28. Kh1 
N@f2+ 29. Kg1 Nxd1+ 30. Kh1 Q@g1# 
{venomous checkmated} 0-1

[Event "fics rated crazyhouse match"]
[Site "fics, Oklahoma City, OK USA"]
[Date "2000.02.11"]
[White "XXNoWay"]
[WhiteElo "2360"]
[Black "venomous"]
[BlackElo "2395"]
[TimeControl "60+0"]
[Result "1-0"]

1. e4 e6 2. Nc3 Nc6 3. Nf3 Nf6 4. Bb5 Bb4 5. d3 a6 6. Bxc6 
dxc6 7. Bg5 B@e7 8. O-O O-O 9. e5 Nd5 10. Nxd5 exd5 11. Bxe7 Bxe7 
12. N@h5 B@g4 13. Nxg7 Kxg7 14. P@f6+ Bxf6 15. exf6+ Qxf6 16. B@e5 Qxe5 17. Nxe5 
Bxd1 18. Q@g5+ B@g6 19. B@f6# 
{venomous resigns} 1-0

[Event "fics rated crazyhouse match"]
[Site "fics, Oklahoma City, OK USA"]
[Date "2000.02.11"]
[White "venomous"]
[WhiteElo "2386"]
[Black "XXNoWay"]
[BlackElo "2369"]
[TimeControl "60+0"]
[Result "1-0"]

1. e4 e5 2. Bc4 d6 3. Nf3 Nf6 4. O-O Be7 5. d3 O-O 6. Bg5 
Bg4 7. Nc3 Nc6 8. Bxf6 Bxf6 9. Nd5 Bxf3 10. Qxf3 B@g5 11. N@h5 Be7 
12. Nxe7+ Qxe7 13. B@d5 Nd4 14. Bxf7+ Kh8 15. Qh3 N@e2+ 16. Kh1 Rxf7 17. Bxf7 
Qxf7 18. B@c4 B@e6 19. Bxe6 Nxe6 20. B@c4 B@d7 21. Bxe6 Bxe6 22. P@f5 N@f4 
23. Nxf4 Nxf4 24. Qg4 Bxf5 25. exf5 B@d5 26. B@e4 B@h3 27. gxh3 P@g2+ 28. Qxg2 
Bxe4 29. Qxe4 B@d5 30. B@f3 Bxe4 31. Bxe4 Q@d5 32. B@f3 Qxe4 33. Bxe4 B@d5 
34. B@f3 
{XXNoWay forfeits on time} 1-0

[Event "fics rated crazyhouse match"]
[Site "fics, Oklahoma City, OK USA"]
[Date "2000.02.11"]
[White "XXNoWay"]
[WhiteElo "2361"]
[Black "venomous"]
[BlackElo "2394"]
[TimeControl "60+0"]
[Result "0-1"]

1. e4 e6 2. Nc3 Nf6 3. Nf3 Bb4 4. e5 Bxc3 5. dxc3 Ne4 6. Bd3 
Nxf2 7. Kxf2 d6 8. Rf1 dxe5 9. Nxe5 O-O 10. Kg1 P@f5 11. B@g5 f6 
12. P@f7+ Rxf7 13. Nxf7 Kxf7 14. Bxf5 Qxd1 15. P@g6+ hxg6 16. Bxg6+ Kxg6 17. N@f4+ 
Kf7 18. P@g6+ Kf8 19. Rxd1 B@c5+ 20. R@d4 P@f2+ 21. Kxf2 N@e4+ 22. Ke3 Bxd4+ 
23. Rxd4 Q@f2+ 24. Kxe4 P@d5+ 25. Kd3 N@c5# 
{XXNoWay checkmated} 0-1

[Event "fics rated crazyhouse match"]
[Site "fics, Oklahoma City, OK USA"]
[Date "2000.02.11"]
[White "venomous"]
[WhiteElo "2401"]
[Black "XXNoWay"]
[BlackElo "2354"]
[TimeControl "60+0"]
[Result "1-0"]

1. e4 e5 2. Nf3 d6 3. Nc3 Be7 4. d3 Nf6 5. Bg5 O-O 6. Be2 
Bg4 7. O-O Bxf3 8. Bxf3 Nc6 9. B@b3 Nd4 10. Bxf6 Bxf6 11. Nd5 Nxf3+ 
12. Qxf3 B@g5 13. Nxf6+ Bxf6 14. N@g4 B@g5 15. Nxf6+ Bxf6 16. N@g4 N@d4 17. Nxf6+ 
Qxf6 18. Qxf6 gxf6 19. B@g4 N@h6 20. Q@g3 Nxg4 21. Qxg4+ N@g5 22. N@h6+ Kg7 
23. B@e3 Kxh6 24. Bxg5+ fxg5 25. B@f6 Q@g6 26. Bxg5+ Qxg5 27. Qxg5+ Kxg5 28. h4+ 
Kxh4 29. Q@g3+ Kh5 30. N@f6+ Kh6 31. Qh4+ Kg7 32. Qg5+ B@g6 33. Nh5+ Kg8 
34. Nf6+ Kg7 35. Nh5+ Kg8 36. Qg4 N@e2+ 37. Kh1 B@f5 38. exf5 Nxf5 39. Nf6+ 
Kg7 40. Nh5+ Kg8 41. Nf6+ Kg7 42. Qxf5 Bxf5 43. N@h5+ Kg6 44. B@h2 
{XXNoWay forfeits on time} 1-0

[Event "fics rated crazyhouse match"]
[Site "fics, Oklahoma City, OK USA"]
[Date "2000.02.11"]
[White "XXNoWay"]
[WhiteElo "2347"]
[Black "venomous"]
[BlackElo "2408"]
[TimeControl "60+0"]
[Result "1-0"]

1. e4 e6 2. Nc3 Nc6 3. Nf3 Nf6 4. Bb5 d5 5. Bxc6+ bxc6 6. e5 
Ne4 7. d3 Nxc3 8. bxc3 B@h5 9. O-O Bxf3 10. Qxf3 N@g6 11. B@h5 Nxe5 
12. Bxf7+ Nxf7 13. Qxf7+ Kxf7 14. N@e5+ Kf6 15. N@g4+ Ke7 16. N@g6+ hxg6 17. Nxg6+ 
Kd7 18. N4e5+ Kd6 19. d4 N@h3+ 20. gxh3 B@e4 21. P@c5# 
{venomous checkmated} 1-0

[Event "fics rated crazyhouse match"]
[Site "fics, Oklahoma City, OK USA"]
[Date "2000.02.11"]
[White "venomous"]
[WhiteElo "2399"]
[Black "XXNoWay"]
[BlackElo "2356"]
[TimeControl "60+0"]
[Result "1-0"]

1. e4 e6 2. d4 Nf6 3. Bd3 d5 4. e5 Ne4 5. Nh3 Nc6 6. Be3 
Bd7 7. O-O Be7 8. c3 O-O 9. Qc2 f5 10. exf6 Bxf6 11. f3 P@c4 
12. Bxe4 dxe4 13. Qxe4 B@f5 14. Qxf5 exf5 15. B@d5+ Kh8 16. Bxc4 Bh4 17. P@g3 
f4 18. Bxf4 Bxh3 19. gxh3 N@e2+ 20. Kh1 Nxf4 21. gxf4 Q@g6 22. B@g2 B@d3 
23. Bxd3 Qxd3 24. B@e4 Qxf1+ 25. Bxf1 B@f2 26. N@e2 Nxd4 27. cxd4 Qxd4 28. Nbc3 
P@d3 29. Q@g2 dxe2 30. Nxe2 N@e3 31. Nxd4 Nxg2 32. N@e2 P@d2 33. P@h6 gxh6 
34. P@g7+ Kxg7 35. N@e6+ Kf7 36. Q@g7+ Ke8 37. Nxc7+ Kd8 38. Nce6+ Kc8 39. P@d7# 
{XXNoWay forfeits on time} 1-0

[Event "fics rated crazyhouse match"]
[Site "fics, Oklahoma City, OK USA"]
[Date "2000.02.11"]
[White "XXNoWay"]
[WhiteElo "2349"]
[Black "venomous"]
[BlackElo "2406"]
[TimeControl "60+0"]
[Result "1-0"]

1. e4 e6 2. Nc3 Nc6 3. Nf3 Nf6 4. Bb5 d5 5. e5 Ne4 6. O-O 
Nxc3 7. dxc3 Bc5 8. Bxc6+ bxc6 9. N@h5 B@f8 10. Bg5 Bce7 11. Bxe7 Qxe7 
12. B@h4 B@d8 13. Bxe7 Bdxe7 14. N@f6+ gxf6 15. exf6 Bd6 16. P@g7 Rg8 17. gxf8=Q+ 
Bxf8 18. Ng7+ Rxg7 19. fxg7 Bxg7 20. R@g8+ B@f8 21. B@h4 P@e7 22. Bxe7 Kxe7 
23. P@e5 N@e4 24. Qe2 N@f4 25. Qxe4 dxe4 26. Q@g5+ f6 27. Rxg7+ Bxg7 28. Qxg7+ 
Ke8 29. B@f7+ Kd8 30. B@e7+ Kxe7 31. Qxf6+ Kd7 32. N@f8# 
{venomous checkmated} 1-0

[Event "fics rated crazyhouse match"]
[Site "fics, Oklahoma City, OK USA"]
[Date "2000.02.11"]
[White "venomous"]
[WhiteElo "2397"]
[Black "XXNoWay"]
[BlackElo "2358"]
[TimeControl "60+0"]
[Result "0-1"]

1. e4 e5 2. Bc4 d6 3. Nf3 Be7 4. O-O Nf6 5. d4 O-O 6. dxe5 
dxe5 7. Qxd8 Bxd8 8. Nxe5 P@h3 9. gxh3 Bxh3 10. Q@g3 P@g2 11. Qxg2 Bxg2 
12. Kxg2 Q@g5+ 13. Bxg5 Nc6 14. Bxf6 Bxf6 15. Nxc6 bxc6 16. Q@g3 N@h4+ 17. Kg1 
B@g2 18. Qxg2 Nxg2 19. Kxg2 Q@g4+ 20. B@g3 Q@f3+ 21. Kg1 Qgxe4 
{venomous resigns} 0-1

[Event "fics rated crazyhouse match"]
[Site "fics, Oklahoma City, OK USA"]
[Date "2000.02.11"]
[White "XXNoWay"]
[WhiteElo "2367"]
[Black "venomous"]
[BlackElo "2388"]
[TimeControl "60+0"]
[Result "0-1"]

1. e4 e6 2. Nc3 Nc6 3. Nf3 Bb4 4. Bb5 Nf6 5. d3 d5 6. e5 
Ng4 7. O-O O-O 8. Bxc6 bxc6 9. h3 Nxf2 10. Rxf2 P@g3 11. Rf1 Bxc3 
12. bxc3 N@f2 13. Rxf2 gxf2+ 14. Kxf2 f6 15. B@h4 B@e7 16. P@h6 fxe5 17. Bxe7 
Qxe7 18. hxg7 P@g3+ 19. Kg1 Qxg7 20. B@h6 P@f2+ 21. Kh1 Rxf3 22. N@g4 f1=Q+ 
23. N@g1 Qxd1 24. N@f6+ Rxf6 25. Nxf6+ Qxf6 26. R@e8+ B@f8 27. Rxf8# 
{XXNoWay resigns} 0-1

[Event "fics rated crazyhouse match"]
[Site "fics, Oklahoma City, OK USA"]
[Date "2000.02.11"]
[White "venomous"]
[WhiteElo "2396"]
[Black "XXNoWay"]
[BlackElo "2359"]
[TimeControl "60+0"]
[Result "1-0"]

1. e4 e5 2. Nf3 d6 3. Bc4 Nf6 4. O-O Be7 5. d4 Bg4 6. dxe5 
Bxf3 7. exf6 Bxd1 8. fxe7 Qxe7 9. N@f5 Bf3 10. B@h3 P@g4 11. Nxe7 gxh3 
12. Q@c8+ B@d8 13. Qxh3 Bxe7 14. Qxf3 N@d5 15. Bxd5 N@e5 16. Bxf7+ Kf8 17. N@e6# 
{XXNoWay checkmated} 1-0

[Event "fics rated crazyhouse match"]
[Site "fics, Oklahoma City, OK USA"]
[Date "2000.02.11"]
[White "XXNoWay"]
[WhiteElo "2352"]
[Black "venomous"]
[BlackElo "2403"]
[TimeControl "60+0"]
[Result "0-1"]

1. e4 e6 2. Nc3 Nc6 3. Nf3 Nf6 4. Bb5 d6 5. d4 Bd7 6. O-O 
Be7 7. Bxc6 Bxc6 8. d5 exd5 9. exd5 Bd7 10. N@g5 O-O 11. P@e6 fxe6 
12. dxe6 Bc6 13. P@f7+ Kh8 14. Nd4 B@h6 15. Nxc6 bxc6 16. Nxh7 Nxh7 17. Bxh6 
gxh6 18. B@g8 Rxg8 19. fxg8=Q+ Qxg8 20. P@f7 N@h3+ 21. Kh1 Qg7 22. Qh5 B@g4 
23. R@g8+ Rxg8 24. fxg8=Q+ Qxg8 25. B@f7 R@g1# 
{XXNoWay resigns} 0-1

[Event "fics rated crazyhouse match"]
[Site "fics, Oklahoma City, OK USA"]
[Date "2000.02.11"]
[White "venomous"]
[WhiteElo "2410"]
[Black "XXNoWay"]
[BlackElo "2345"]
[TimeControl "60+0"]
[Result "0-1"]

1. e4 e5 2. Nf3 d6 3. d4 exd4 4. Nxd4 Nf6 5. Bg5 Be7 6. Bd3 
O-O 7. O-O Nc6 8. Nxc6 bxc6 9. P@h6 Bg4 10. f3 gxh6 11. Bxh6 P@g7 
12. Bxg7 Kxg7 13. fxg4 P@g6 14. g5 Nh5 15. P@f6+ Kg8 16. N@h6+ Kh8 17. Qxh5 
B@d4+ 18. B@f2 Bdxf6 19. gxf6 Bxf6 20. Qe2 P@g7 21. Ng4 Bg5 22. B@c3 N@f4 
23. Qf3 Nxd3 24. cxd3 P@e5 25. P@h6 gxh6 26. N@h3 B@e6 27. Nxg5 Qxg5 28. B@f6+ 
Qxf6 29. Nxf6 N@g5 30. Qe3 B@f4 31. Qe2 P@h3 32. N@h4 hxg2 33. Nxg2 P@f3 
34. Nxf4 fxe2 35. P@g7+ Kxg7 36. N4h5+ gxh5 37. Nxh5+ Kg6 38. Q@f6+ Kxh5 39. P@g4+ 
Bxg4 40. B@g2 exf1=Q+ 41. Kxf1 R@d1+ 42. Bce1 P@e2+ 43. Kg1 Q@f1+ 44. Bxf1 exf1=Q+ 
45. Kxf1 P@e2+ 46. Kg1 N@h3+ 47. Kh1 B@f3# 
{venomous forfeits on time} 0-1

[Event "fics rated crazyhouse match"]
[Site "fics, Oklahoma City, OK USA"]
[Date "2000.02.11"]
[White "XXNoWay"]
[WhiteElo "2354"]
[Black "venomous"]
[BlackElo "2401"]
[TimeControl "60+0"]
[Result "1-0"]

1. e4 e6 2. d4 Nc6 3. d5 exd5 4. exd5 Qe7+ 5. Be2 Nb4 6. Nf3 
Nf6 7. O-O Nbxd5 8. Nc3 Nxc3 9. bxc3 N@e4 10. Bg5 Nxc3 11. Bxf6 gxf6 
12. N@d5 Nxe2+ 13. Qxe2 Qxe2 14. Nxc7+ Kd8 15. Nd5 B@d6 16. Rfe1 Qxf3 17. gxf3 
N@h3+ 18. Kh1 Nxf2+ 19. Kg2 Q@h3+ 20. Kxf2 Qxh2+ 21. N@g2 Qg3+ 22. Kf1 Qxf3+ 
23. P@f2 B@c4+ 24. P@d3 Bxd3+ 25. cxd3 Qxd3+ 26. B@e2 Qxd5 27. N@e3 N@h2+ 28. Kg1 
Nf3+ 29. Bxf3 P@h2+ 30. Kh1 Qxf3 31. N@h4 Qc6 32. N@h6 B@d5 33. Q@e8+ Kxe8 
34. Nxd5+ Kd8 35. Nxf7# 
{venomous checkmated} 1-0

[Event "fics rated crazyhouse match"]
[Site "fics, Oklahoma City, OK USA"]
[Date "2000.02.11"]
[White "XXNoWay"]
[WhiteElo "2356"]
[Black "venomous"]
[BlackElo "2399"]
[TimeControl "60+0"]
[Result "1-0"]

1. e4 e6 2. Nc3 Nc6 3. Nf3 Nf6 4. Bb5 d5 5. e5 Ne4 6. O-O 
Be7 7. d3 Nxc3 8. bxc3 O-O 9. Bxc6 bxc6 10. N@h5 B@g4 11. Nxg7 Kxg7 
12. P@f6+ Bxf6 13. exf6+ Qxf6 14. B@e5 Qxe5 15. Nxe5 Bxd1 16. Q@h6+ Kg8 17. N@f6# 
{venomous resigns} 1-0

[Event "fics rated crazyhouse match"]
[Site "fics, Oklahoma City, OK USA"]
[Date "2000.02.11"]
[White "venomous"]
[WhiteElo "2390"]
[Black "XXNoWay"]
[BlackElo "2365"]
[TimeControl "60+0"]
[Result "1-0"]

1. e4 e5 2. Nf3 d6 3. Bc4 Bg4 4. d4 Bxf3 5. Bxf7+ Kxf7 6. Qxf3+ 
Nf6 7. dxe5 dxe5 8. B@b3+ Ke8 9. P@f7+ Ke7 10. Bg5 N@d4 11. Bxf6+ gxf6 
12. N@f5+ Kd7 13. Nxd4 exd4 14. Qh3+ Kc6 15. Qe6+ B@d6 16. Qd5+ Kd7 17. Qe6+ 
Kc6 18. Nd2 B@b4 19. O-O-O P@c3 20. Nc4 cxb2+ 21. Nxb2 P@d2+ 22. Rxd2 Bxd2+ 
23. Kxd2 R@e5 24. B@a4+ b5 25. Bxb5+ Kxb5 26. Qc4+ Kb6 27. N@d5+ Rxd5 28. Qxd5 
B@c3+ 29. Kc1 N@e2+ 30. Kd1 Bxb2 31. R@b7+ Ka6 32. Qb5# 
{XXNoWay checkmated} 1-0

[Event "fics rated crazyhouse match"]
[Site "fics, Oklahoma City, OK USA"]
[Date "2000.02.11"]
[White "XXNoWay"]
[WhiteElo "2358"]
[Black "venomous"]
[BlackElo "2397"]
[TimeControl "60+0"]
[Result "0-1"]

1. e4 e6 2. Nc3 Nc6 3. Nf3 Nf6 4. Bb5 Bb4 5. d3 O-O 6. O-O 
d5 7. e5 Ng4 8. Bxc6 bxc6 9. h3 Nxf2 10. Rxf2 P@g3 11. Rf1 Bxc3 
12. bxc3 N@f2 13. Rxf2 gxf2+ 14. Kxf2 f6 15. B@h4 B@e7 16. N@h5 fxe5 17. Bxe7 
Qxe7 18. B@h4 Qxh4+ 19. P@g3 Qxh5 20. N@e7+ Kh8 21. g4 P@g3+ 22. Kxg3 B@h4+ 
23. Nxh4 B@f2+ 24. Kh2 Qxh4 25. B@f4 Rxf4 26. Bxf4 B@g3+ 27. Bxg3 Qxg3# 
{XXNoWay resigns} 0-1

[Event "fics rated crazyhouse match"]
[Site "fics, Oklahoma City, OK USA"]
[Date "2000.02.11"]
[White "venomous"]
[WhiteElo "2404"]
[Black "Ebenfelt"]
[BlackElo "2273"]
[TimeControl "60+0"]
[Result "1-0"]

1. e4 e5 2. Bc4 Bc5 3. Nf3 Nf6 4. Nxe5 Bxf2+ 5. Kf1 O-O 6. Qf3 
d5 7. exd5 Bb6 8. P@e3 P@d6 9. Nxf7 Rxf7 10. P@e6 Rf8 11. P@f7+ Kh8 
12. Nc3 N@e5 13. Qe2 Nxc4 14. Qxc4 Bxe6 15. dxe6 B@d5 16. Nxd5 Nxd5 17. Qxd5 
Qf6+ 18. B@f3 N@e5 19. N@g4 Nxg4 20. B@g5 Qg6 21. Bxg4 P@f6 22. N@f4 Qxg5 
23. Qxg5 fxg5 24. N@g6+ hxg6 25. Nxg6+ Kh7 26. Nxf8+ Kh8 27. Q@h7# 
{Ebenfelt checkmated} 1-0

[Event "fics rated crazyhouse match"]
[Site "fics, Oklahoma City, OK USA"]
[Date "2000.02.11"]
[White "Ebenfelt"]
[WhiteElo "2268"]
[Black "venomous"]
[BlackElo "2409"]
[TimeControl "60+0"]
[Result "0-1"]

1. e4 e6 2. Nc3 Nc6 3. d4 Nf6 4. Nf3 Bb4 5. Bd3 d5 6. exd5 
Nxd5 7. Bd2 Bxc3 8. bxc3 N@f4 9. B@g3 Nxg2+ 10. Kf1 P@h3 11. Rg1 Bd7 
12. Ng5 P@e3 13. Nxh3 exd2 14. Rxg2 Nxc3 15. Qxd2 Nd5 16. N@h5 Rg8 17. P@f3 
B@c3 18. Qd1 Bxa1 19. Qxa1 Nxd4 20. Qxd4 R@c1+ 21. B@e1 P@d2 
{Ebenfelt resigns} 0-1

[Event "fics rated crazyhouse match"]
[Site "fics, Oklahoma City, OK USA"]
[Date "2000.02.11"]
[White "venomous"]
[WhiteElo "2414"]
[Black "Ebenfelt"]
[BlackElo "2263"]
[TimeControl "60+0"]
[Result "1-0"]

1. e4 e6 2. Nf3 Nf6 3. d4 d5 4. e5 Ne4 5. Bd3 Nc6 6. O-O 
Be7 7. Nbd2 f5 8. exf6 Nxf6 9. Ne5 O-O 10. Nxc6 bxc6 11. N@e5 P@f7 
12. Nxc6 Qd6 13. Nxe7+ Qxe7 14. B@a3 Qe8 15. P@e5 Nd7 16. Bxh7+ Kxh7 17. Qh5+ 
B@h6 18. Nf3 f5 19. Bxh6 Qxh5 20. Bxf8 Nxf8 21. R@h4 B@h3 22. Rxh3 Qxh3 
23. gxh3 N@e2+ 24. Kh1 R@g2 25. B@g8# 
{Ebenfelt resigns} 1-0

[Event "fics rated crazyhouse match"]
[Site "fics, Oklahoma City, OK USA"]
[Date "2000.02.11"]
[White "venomous"]
[WhiteElo "2440"]
[Black "Ebenfelt"]
[BlackElo "2237"]
[TimeControl "60+0"]
[Result "1-0"]

1. e4 e5 2. Nf3 Bc5 3. Bc4 Nf6 4. O-O Nxe4 5. d4 O-O 6. dxc5 
d5 7. cxd6 Nxd6 8. Nxe5 Nxc4 9. Nxc4 P@h3 10. Qxd8 Rxd8 11. P@e7 Re8 
12. Q@g3 Q@g4 13. Qxg4 Bxg4 14. N@f6+ gxf6 15. Q@f8+ Rxf8 16. exf8=Q+ Kxf8 17. Bh6+ 
Ke8 18. Re1+ P@e2 19. R@g8+ Kd7 20. B@c8+ Kc6 21. Bxg4 Q@f1+ 22. Rxf1 exf1=Q+ 
23. Kxf1 R@h1+ 24. B@g1 Rxg1+ 25. Kxg1 Q@e1+ 26. R@f1 Qxf1+ 27. Kxf1 R@h1+ 28. Ke2 
B@f1+ 29. Kd2 N@e4+ 30. Ke3 B@c5+ 31. Kxe4 f5+ 32. Kxf5 P@d5 33. Q@e8# 
{Ebenfelt forfeits on time} 1-0

[Event "fics rated crazyhouse match"]
[Site "fics, Oklahoma City, OK USA"]
[Date "2000.02.11"]
[White "Ebenfelt"]
[WhiteElo "2233"]
[Black "venomous"]
[BlackElo "2444"]
[TimeControl "60+0"]
[Result "0-1"]

1. e4 e6 2. d4 Nc6 3. Nc3 Nf6 4. Nf3 Bb4 5. Bd3 d5 6. e5 
Ne4 7. Bd2 Nxd2 8. Qxd2 B@e4 9. N@g5 Bxf3 10. gxf3 Nxd4 11. B@e2 P@h6 
12. Nxh7 Rxh7 13. Bxh7 Nxe2 14. R@g8+ B@f8 15. Qxe2 N@f4 16. P@g6 fxg6 17. Bxg6+ 
Nxg6 18. N@h8 Nxh8 19. Rxh8 N@f4 20. N@h7 Nxe2 21. Nxf8 Bxf8 22. Rxf8+ Kxf8 
23. Nxe2 P@d2+ 24. Kf1 R@e1+ 25. Rxe1 dxe1=R+ 26. Kxe1 R@a1+ 27. B@c1 N@g2+ 28. Kf1 
N@e3+ 29. fxe3 Nxe3+ 30. Ke1 Q@d1+ 31. Kf2 B@h4+ 32. P@g3 Qxh1 33. N@g6+ Kf7 
34. N@h8+ Ke8 35. P@f7+ Kd7 36. B@e8+ Qxe8 37. fxe8=Q+ Kxe8 38. Q@e7+ Bxe7 39. R@g8+ 
Kd7 
{Ebenfelt forfeits on time} 0-1

[Event "fics rated crazyhouse match"]
[Site "fics, Oklahoma City, OK USA"]
[Date "2000.02.11"]
[White "venomous"]
[WhiteElo "2448"]
[Black "Ebenfelt"]
[BlackElo "2229"]
[TimeControl "60+0"]
[Result "1-0"]

1. e4 e5 2. Nf3 Nc6 3. Bc4 Bc5 4. O-O Nf6 5. Nc3 O-O 6. d3 
h6 7. Be3 d6 8. Nd5 Bg4 9. h3 Bh5 10. Bxc5 dxc5 11. B@e2 B@e6 
12. Nxf6+ Qxf6 13. Bxe6 fxe6 14. N@d7 Qf7 15. Ndxe5 Nxe5 16. Nxe5 Bxe2 17. Qxe2 
N@f4 18. Qg4 N@e2+ 19. Kh1 Qf6 20. N@d7 Qg5 21. Qxg5 hxg5 22. P@g6 Q@h6 
23. Q@h7+ Qxh7 24. gxh7+ Kxh7 25. B@g6+ Nxg6 26. Nxg6 Kxg6 27. Nxf8+ Rxf8 28. N@e5+ 
Kh7 29. B@g6+ Kh8 30. Q@h7# 
{Ebenfelt checkmated} 1-0

[Event "fics rated crazyhouse match"]
[Site "fics, Oklahoma City, OK USA"]
[Date "2000.02.11"]
[White "Ebenfelt"]
[WhiteElo "2225"]
[Black "venomous"]
[BlackElo "2452"]
[TimeControl "60+0"]
[Result "0-1"]

1. e4 e6 2. d4 Nc6 3. Nc3 Nf6 4. Nf3 Bb4 5. Bd3 d5 6. e5 
Ne4 7. Bd2 Nxd2 8. Qxd2 B@e4 9. N@g5 Bxf3 10. gxf3 Nxd4 11. Bxh7 Qxg5 
12. Qxd4 P@d2+ 13. Ke2 N@f4+ 14. Kxd2 N@c4+ 15. Kd1 Nxb2+ 16. Kc1 Ne2+ 17. Kxb2 
Nxd4 18. B@d2 Qxd2 
{Ebenfelt resigns} 0-1

[Event "fics rated crazyhouse match"]
[Site "fics, Oklahoma City, OK USA"]
[Date "2000.02.11"]
[White "venomous"]
[WhiteElo "2455"]
[Black "Ebenfelt"]
[BlackElo "2222"]
[TimeControl "60+0"]
[Result "0-1"]

1. e4 e5 2. Nf3 Bc5 3. Bc4 Nf6 4. O-O O-O 5. d3 d5 6. exd5 
Nxd5 7. Bxd5 Qxd5 8. Be3 P@h3 9. Bxc5 Qxc5 10. N@e4 Qe7 11. B@h4 f6 
12. gxh3 Bxh3 13. P@g2 Bxg2 14. Kxg2 P@g4 15. Ng1 P@f3+ 16. Nxf3 gxf3+ 17. Qxf3 
N@f4+ 18. Kg1 B@e2 19. B@g2 Bxf3 20. Bxf3 B@e2 21. B@g2 Bxf1 22. Bxf1 R@e1 
23. B@g2 Nc6 24. P@e3 Ng6 25. Bg3 f5 26. Ned2 f4 27. exf4 exf4 28. P@e4 
fxg3 29. hxg3 Nd4 30. P@e2 Nxc2 31. e5 P@e3 32. fxe3 Nxe5 33. Bd5+ Kh8 
34. P@f2 Nxe3 35. fxe3 P@f2+ 36. Kh2 Q@g1+ 37. Kh3 B@g4# 
{venomous checkmated} 0-1